 Dungeon Crawl Stone Soup version 0.19.1-1-g22dce08 (webtiles) character file.

845 dngmouse the Cleaver (level 7, -14/61 HPs)
             Began as a Minotaur Monk on Jan 16, 2017.
             Demolished by an ogre
             ... wielding a +0 giant club
              (28 damage)
             ... on level 6 of the Dungeon.
             The game lasted 00:15:54 (3899 turns).

dngmouse the Cleaver (Minotaur Monk)                Turns: 3899, Time: 00:15:54

Health: -14/61     AC:  7    Str: 16 (17) XL:     7   Next: 68%
Magic:  6/6        EV: 10    Int:  5 (7)  God:
Gold:   213        SH:  0    Dex: 11 (13) Spells: 0 memorised, 6 levels left

rFire  . . .     SeeInvis .     a - +0 hand axe
rCold  . . .     Gourm    .     t - +0 scale mail
rNeg   + . .     Faith    .     (no shield)
rPois  .         Spirit   .     (helmet restricted)
rElec  .         Reflect  .     (no cloak)
rCorr  .         Harm     .     (no gloves)
MR     .....                    s - +0 pair of boots
Stlth  ..........               (no amulet)
                                (no ring)
                                j - ring of positive energy

@: no status effects
A: retaliatory headbutt, horns 2
a: no special abilities


You were on level 6 of the Dungeon.
You were not hungry.

You visited 1 branch of the dungeon, and saw 6 of its levels.

You collected 213 gold pieces.

Inventory:

Hand Weapons
 a - a +0 hand axe (weapon)
Armour
 s - a +0 pair of boots (worn)
 t - a +0 scale mail (worn)
Jewellery
 j - a ring of positive energy (left hand)
Scrolls
 f - 3 scrolls of enchant armour
 i - a scroll of fear
 n - a scroll of random uselessness
 p - 4 scrolls of identify
 q - 2 scrolls of remove curse
 v - a scroll of blinking
Potions
 d - 3 potions of curing
 e - a potion of heal wounds
 g - a potion of flight
 k - a potion of degeneration
Comestibles
 c - 2 bread rations
 h - 3 meat rations
 m - a chunk of flesh


   Skills:
 - Level 5.0 Fighting
 * Level 10.4 Axes
 - Level 3.2 Dodging
 - Level 1.5 Stealth


You had 6 spell levels left.
You didn't know any spells.

Dungeon Overview and Level Annotations

Branches:
Dungeon (6/15)
 Temple: D:4-7

Altars:
Xom

Annotations:
D:5 bohran's ghost, novice GrEE


Innate Abilities, Weirdness & Mutations

You reflexively headbutt those who attack you in melee.
You have a pair of horns on your head.


Message History

The orc barely misses you.
You closely miss the orc priest.
The orc priest is severely wounded.
You hit the ogre. You hit the orc.
You kill the orc!
The orc priest closely misses you.
You barely miss the orc priest. Your headbutt misses the orc priest.
The orc priest is severely wounded.
You hit the ogre. You slash the scorpion! The ogre hits you with a giant club!
* * * LOW HITPOINT WARNING * * *
The scorpion closely misses you.
The orc priest looks satisfied for a moment.
Unknown command.
You are too injured to fight recklessly!
You hit the orc priest but do no damage.
Your headbutt misses the orc priest.
The orc priest is severely wounded.
You hit the scorpion. You barely miss the ogre.
The ogre hits you with a giant club!!
You die...

.... .... ..... ......#
......# ......#########
#...o.......# #
#...s@).....#.#
##########...O.).....#.#
#.(........>...........#
###....................###
≈≈♣.........÷..........#
♣≈....................#
≈≈♣♣.........###########
≈≈≈;♣........#
≈≈P≈P♣..^....#


You could see an ogre, a scorpion and an orc priest.

Vanquished Creatures
  Menkaure (D:6)
  A sky beast (D:5)
  The ghost of dngmouse the Chopper, an amateur HOMo (D:4)
  A scorpion (D:5)
  A centaur skeleton (D:4)
  An orc priest (D:3)
  4 orc wizards
  An iguana (D:5)
  2 worker ants (D:5)
  11 adders
  4 oozes
  2 adder zombies (D:5)
  3 worms
  4 dart slugs
  4 leopard geckos
  16 orcs
  5 giant cockroaches
  12 goblins
  15 hobgoblins
  11 kobolds
  6 bats
  4 frilled lizards
  6 rats (D:2)
116 creatures vanquished.

Vanquished Creatures (others)
  A leopard gecko (D:5)
  A frilled lizard (D:5)
2 creatures vanquished.

Grand Total: 118 creatures vanquished

Notes
Turn   | Place    | Note
-------+----------+-------------------------------------------
     0 | D:1      | dngmouse the Minotaur Monk began the quest for the Orb.
     0 | D:1      | Reached XP level 1. HP: 19/19 MP: 0/0
   118 | D:1      | Reached skill level 4 in Axes
   118 | D:1      | Reached XP level 2. HP: 25/27 MP: 1/1
   434 | D:1      | Reached XP level 3. HP: 17/33 MP: 2/2
   621 | D:2      | Reached skill level 5 in Axes
  1034 | D:2      | Reached XP level 4. HP: 41/41 MP: 3/3
  1725 | D:3      | Reached skill level 6 in Axes
  1768 | D:3      | Reached skill level 5 in Fighting
  1768 | D:3      | Reached XP level 5. HP: 41/48 MP: 4/4
  2414 | D:3      | Reached skill level 7 in Axes
  2719 | D:4      | Reached XP level 6. HP: 54/56 MP: 5/5
  2747 | D:4      | Noticed dngmouse's ghost (amateur HOMo)
  2783 | D:4      | Killed dngmouse's ghost
  2783 | D:4      | Reached skill level 8 in Axes
  3468 | D:5      | Entered Level 5 of the Dungeon
  3519 | D:5      | Noticed a sky beast
  3536 | D:5      | Killed a sky beast
  3536 | D:5      | Reached skill level 9 in Axes
  3536 | D:5      | Reached XP level 7. HP: 49/61 MP: 6/6
  3615 | D:5      | Found a shimmering altar of Xom.
  3787 | D:5      | Noticed bohran's ghost (novice GrEE)
  3808 | D:6      | Noticed Menkaure
  3820 | D:6      | Killed Menkaure
  3820 | D:6      | Reached skill level 10 in Axes
  3899 | D:6      | Demolished by an ogre

Skill      XL: |  1  2  3  4  5  6  7 |
---------------+----------------------+-----
Axes           | 4 5 6 7 9 10 | 10.4
Fighting       | 4 5 |  5.0
Dodging        | |  3.2
Stealth        | |  1.5

Action                   |  1- 3 |  4- 6 |  7- 9 || total
-------------------------+-------+-------+-------++-------
Melee: Hand axe          |    72 |   214 |    48 ||   334
       Headbutt          |    15 |    42 |     9 ||    66
  Use: Scroll            |     6 |     1 |     3 ||    10
       Potion            |       |       |     7 ||     7
 Stab: Sleeping          |     2 |     1 |       ||     3
  Eat: Chunk             |       |     7 |     1 ||     8
       Pizza             |       |     1 |       ||     1
Armor: Robe              |     6 |    10 |       ||    16
       Scale mail        |       |    45 |     8 ||    53
Dodge: Dodged            |    31 |    88 |    26 ||   145
